 Dungeon Crawl Stone Soup version 0.30-a0-782-ge64f9170bb (webtiles) character file.

Game seed: 4495785660632674751

25423 Dirtsage the Grappler (level 12, -6/99 HPs)
             Began as a Demonspawn Fighter on Feb 27, 2023.
             Was a High Priest of Wu Jian.
             Mangled by a sun demon (7 damage)
             ... in a volcano on Mar 1, 2023.
             The game lasted 00:39:14 (14371 turns).

Dirtsage the Grappler (Demonspawn Fighter)         Turns: 14371, Time: 00:39:14

Health: -6/99      AC: 14    Str: 24    XL:     12   Next: 89%
Magic:  12/12      EV: 12    Int: 10    God:    Wu Jian [*****.]
Gold:   721        SH: 12    Dex: 21    Spells: 11/11 levels left

rFire   + . .      SeeInvis .      - Unarmed
rCold   . . .      Faith    .    c - +0 buckler
rNeg    + . .      Spirit   .    R - +2 chain mail of the Hall of Blades {rN+ Dex+5}
rPois   .          Reflect  +    (helmet restricted)
rElec   .          Harm     .    w - scarf {+Inv}
rCorr   .          Rampage  .    (no gloves)
Will    .....                    l - +0 pair of boots Stlth
                                 M - amulet of reflection
HPRegen 0.36/turn                f - +6 ring of strength
MPRegen 0.13/turn                F - ring of protection from fire

@: about to teleport
A: horns 2, demonic guardian 1, powered by death 2, weakness stinger 2, demonic
touch 1
a: Renounce Religion, Evoke Invisibility, Wall Jump, Serpent's Lash, Heavenly
Storm


You were in a volcano.
You worshipped Wu Jian.
Wu Jian was extremely pleased with you.
You visited 4 branches of the dungeon, and saw 17 of its levels.
You also visited: Bailey and Volcano.

You collected 1171 gold pieces.
You spent 450 gold pieces at shops.

Inventory:

Armour
 c - a +0 buckler (worn)
 j - a +1 pair of boots of rampaging
 k - a +3 chain mail of cold resistance
 l - a +0 pair of boots (worn)
 w - a scarf of invisibility (worn)
 y - a +0 pair of gloves
 O - +0 acid dragon scales
 R - the +2 chain mail of the Hall of Blades (worn) {rN+ Dex+5}
   (You found it on level 9 of the Dungeon)

   Dex:       It affects your dexterity (+5).
   rN:        It protects you from negative energy.
Magical Staves
 p - a staff of conjuration
Jewellery
 e - a +6 ring of dexterity
 f - a +6 ring of strength (left hand)
 g - a +6 ring of strength
 C - a ring of resist corrosion
 F - a ring of protection from fire (right hand)
 I - a ring of protection from cold
 J - a +5 ring of evasion
 M - an amulet of reflection (around neck)
 S - a ring of see invisible
 V - a ring of flight
 W - a ring of wizardry
 X - a ring of magical power
Wands
 a - a wand of charming (5)
 b - a wand of mindburst (10)
 E - a wand of flame (62)
 N - a wand of quicksilver (6)
Scrolls
 n - 3 scrolls of vulnerability
 o - 4 scrolls of amnesia
 r - 2 scrolls of enchant armour
 t - 4 scrolls of teleportation
 x - 4 scrolls of immolation
 z - 2 scrolls of summoning
 A - 3 scrolls of poison
 B - a scroll of blinking
 H - 3 scrolls of fog
 L - a scroll of torment
Potions
 d - 4 potions of might
 h - 3 potions of haste
 i - a potion of resistance {unknown}
 m - 3 potions of brilliance {unknown}
 q - 2 potions of curing
 s - 3 potions of degeneration {unknown}
 u - 2 potions of heal wounds {unknown}
 v - a potion of ambrosia {unknown}
 D - a potion of berserk rage {unknown}
 G - 2 potions of attraction {unknown}
 K - 4 potions of cancellation {unknown}
 P - a potion of invisibility {unknown}
 T - a potion of mutation {unknown}
 U - 4 potions of flight {unknown}
Miscellaneous
 Q - a phantom mirror


   Skills:
 + Level 10.8 Fighting
 - Level 3.2 Long Blades
 + Level 7.5 Armour
 + Level 6.7 Dodging
 + Level 7.5 Shields
 + Level 11.9 Unarmed Combat
 + Level 5.9 Evocations


You had 11 spell levels left.
You didn't know any spells.
Your spell library contained the following spells:

 Spells                   Type           Power      Damage    Failure   Level
 Apportation              Tloc           0%         N/A       96%         1
 Necrotise                Necr           0%         1d4       96%         1
 Sandblast                Erth           0%         2d4       96%         1
 Sting                    Tmut/Pois      0%         1d3       96%         1
 Summon Small Mammal      Summ           0%         N/A       96%         1
 Ensorcelled Hibernation  Hex/Ice        0%         N/A       99%         2
 Lesser Beckoning         Tloc           0%         N/A       99%         2
 Passwall                 Tmut/Erth      0%         N/A       99%         2
 Poisonous Vapours        Pois/Air       0%         N/A       99%         2
 Static Discharge         Conj/Air       0%         2-2/arc   99%         2
 Call Canine Familiar     Summ           0%         N/A       100%        3
 Gell's Gravitas          Tloc           0%         N/A       100%        3
 Spider Form              Tmut/Pois      0%         N/A       100%        3
 Stone Arrow              Conj/Erth      0%         3d7       100%        3
 Summon Guardian Golem    Hex/Summ       0%         N/A       100%        3
 Teleport Other           Tloc           0%         N/A       100%        3
 Vhi's Electric Charge    Tloc/Air       0%         N/A       100%        3
 Anguish                  Hex/Necr       0%         N/A       100%        4
 Olgreb's Toxic Radiance  Pois           0%         N/A       100%        4
 Arcjolt                  Conj/Air       0%         1d10      100%        5
 Lightning Bolt           Conj/Air       0%         1d11      100%        5


Dungeon Overview and Level Annotations

Branches:
Dungeon (11/15)            Temple (1/1) D:4            Lair (4/5) D:8
 Shoals (0/4) Lair:2       Spider (0/4) Lair:3          Orc (1/2) D:10
 Bailey (visited)         Volcano (1/1)
  Slime: Lair:4-5

Altars:
Ashenzari
Cheibriados
Dithmenos
Fedhas
Gozag
Hepliaklqana
Kikubaaqudgha
Makhleb
Nemelex Xobeh
Okawaru
Qazlal
Ru
Sif Muna
Trog
Vehumet
Wu Jian
Xom
Yredelemnul

Shops:
D:2 *   D:5 =   D:7 [   D:8 !

Annotations:
D:5 1 runed translucent door, Crazy Yiuf


Innate Abilities, Weirdness & Mutations

You have a pair of horns on your head.
A weak demonic guardian rushes to your aid.
You regenerate health from kills.
You have a tail ending in a sharp stinger.
Your touch may inflict minor irresistible damage on your foes.


Message History

As you read the scroll of fog, it crumbles to dust.
The scroll dissolves into smoke.
The sun demon hits your rust devil but does no damage.
Your rust devil hits the sun demon!
The sun demon seems to be corroded for longer.
The sun demon barely misses you. Something hits your rust devil!
Your rust devil is engulfed in flames.
Your rust devil completely resists.
The hell hound barely misses your rust devil.
The smoke demon hits your rust devil. x2
The smoke demon hits your rust devil but does no damage.
You feel better. You block the sun demon's attack.
The hell hound bites your rust devil!
Your rust devil hits the smoke demon.
Your rust devil corrodes the smoke demon!
The smoke demon hits your rust devil but does no damage. x3
The sun demon hits your rust devil.
Your rust devil is engulfed in flames.
Your rust devil completely resists.
You regained 8 hp, and now have 12/99 hp.
Okay, then.
As you read the scroll of teleportation, it crumbles to dust.
You feel strangely unstable. The hell hound breathes flames at you.
The blast of flame hits the sun demon.
The sun demon completely resists.
The blast of flame hits you. You resist.
* * * LOW HITPOINT WARNING * * *
You block the sun demon's attack. The sun demon hits your rust devil!
Your rust devil dies!
Your rust devil disappears in a puff of smoke!
You take 3 damage, and have 9/99 hp.
The sun demon attacks as you move away! You block the sun demon's attack.
The smoke demon attacks as you move away!
The smoke demon closely misses you.
The smoke demon hits you but does no damage.
The smoke demon hits you.
* * * LOW HITPOINT WARNING * * *
You take 3 damage, and have 6/99 hp.
The sun demon attacks as you move away! The sun demon hits you.
* * * LOW HITPOINT WARNING * * *
You are engulfed in flames!
You resist.
You die...

#.§..§.#......#
###...§§§#§...###
##.............#
##......####.....#
##......## #....##
#.....≈## #.....#
#...§§§.# #.....#
#...§§§#####.....##
#...§§@#§§§§...###
#....§§33§§§...#
#....§§.3§.....#
#.....§..h.....#
##....§.§......#
#≈...§..###.....#
#......## ##.....#
#......## .....#
....§.# .....#


You could see 2 sun demons and a smoke demon (corroded).

Vanquished Creatures
  Erolcha (D:9)
  A hydra (Lair:2)
  A two-headed ogre (D:10)
  A boulder beetle (D:11)
  A death yak (Lair:2)
  A skyshark (Lair:3)
  A deep elf zephyrmancer (D:10)
  A manticore (D:11)
  2 black mambas
  7 cane toads
  A smoke demon (Volcano)
  3 rime drakes
  12 komodo dragons
  2 unseen horrors
  A troll (D:11)
  A merfolk (D:10)
  A polar bear (D:8)
  A snapping turtle (Lair:2)
  2 shadows (D:9)
  2 basilisks (Lair:2)
  2 wraiths (D:11)
  A wyvern (Lair:2)
  17 yaks
  3 steam dragons
  A human (D:10)
  The ghost of Leeroy the Slasher, an amateur MfGl (D:4)
  Menkaure (D:7)
  4 vampire mosquitoes (D:11)
  A warg (D:10)
  An acid dragon (D:8)
  7 water moccasins
  3 ice beasts (D:8)
  6 orc warriors
  2 sky beasts
  2 black bears
  19 wolves
  A phantom (D:5)
  5 centaurs
  Blork the orc (D:5)
  3 bullfrogs
  4 kobold brigands
  3 gnoll sergeants
  2 scorpions (D:5)
  A wyvern zombie (D:4)
  4 wights (D:8)
  14 killer bees
  A howler monkey (D:9)
  An electric eel (Lair:3)
  A crimson imp (D:10)
  A jelly (D:6)
  8 orc priests
  A bullfrog skeleton (D:4)
  A gnoll bouda (D:7)
  3 hounds
  An iguana (D:5)
  9 orc wizards
  5 hell rats (Lair:3)
  A killer bee zombie (D:4)
  8 adders
  16 gnolls
  A shadow imp (D:7)
  2 dart slugs (D:1)
  3 worms (D:2)
  41 orcs
  A bat (D:1)
  8 endoplasms
  2 giant cockroaches
  16 goblins
  6 hobgoblins
  2 jackals (D:4)
  4 quokkas
  12 ball pythons
  5 frilled lizards
  28 kobolds
  6 rats
346 creatures vanquished.

Vanquished Creatures (collateral kills)
  A cane toad (Lair:1)
  A komodo dragon (Lair:4)
  A yak (Lair:2)
  A bullfrog (Lair:2)
  A wight (D:8)
  A hell rat (Lair:3)
  A white imp (D:7)
  An orc (D:7)
  A kobold (D:7)
9 creatures vanquished.

Vanquished Creatures (others)
  A hydra (Lair:2)
  An orc (D:10)
  5 fungi (Lair:3)
  2 plants
9 creatures vanquished.

Grand Total: 364 creatures vanquished

Notes
Turn   | Place    | Note
-------+----------+-------------------------------------------
     0 | D:1      | Dirtsage the Demonspawn Fighter began the quest for the
                  | Orb.
     0 | D:1      | Reached XP level 1. HP: 18/18 MP: 1/1
   219 | D:1      | Gained mutation: You regenerate a little health from kills.
                  | [demonic ancestry]
   219 | D:1      | Reached XP level 2. HP: 24/24 MP: 2/2
   683 | D:2      | Discovered your monstrous ancestry.
   683 | D:2      | Gained mutation: You have a pair of small horns on your
                  | head. [demonic ancestry]
   683 | D:2      | Reached XP level 3. HP: 29/29 MP: 3/3
   776 | D:2      | Reached skill level 1 in Unarmed Combat
   851 | D:2      | Found Boxem's Assorted Antiques.
  1334 | D:3      | Gained mutation: You have a pair of horns on your head.
                  | [demonic ancestry]
  1334 | D:3      | Reached XP level 4. HP: 35/35 MP: 4/4
  1453 | D:3      | Reached skill level 2 in Unarmed Combat
  1636 | D:3      | You fall into a shaft and drop 1 floor!
  2055 | D:4      | Noticed a black bear
  2055 | D:4      | Found a basalt altar of Yredelemnul.
  2066 | D:4      | Reached skill level 3 in Unarmed Combat
  2071 | D:4      | Killed a black bear
  2072 | D:4      | Reached skill level 4 in Unarmed Combat
  2072 | D:4      | Reached XP level 5. HP: 39/41 MP: 5/5
  2223 | D:4      | Found a staircase to the Ecumenical Temple.
  2232 | Temple   | Entered the Ecumenical Temple
  2264 | Temple   | Became a worshipper of the Wu Jian Council
  2299 | D:4      | Found a runed translucent gate.
  2300 | D:4      | Found a runed translucent gate.
  2301 | D:4      | Found a runed translucent gate.
  2304 | D:4      | Noticed Leeroy's ghost (amateur MfGl)
  2664 | D:4      | Killed Leeroy's ghost
  2665 | D:4      | Reached skill level 5 in Unarmed Combat
  2665 | D:4      | Gained mutation: You have a small tail. [demonic ancestry]
  2665 | D:4      | Reached XP level 6. HP: 34/47 MP: 6/6
  2769 | D:5      | Entered Level 5 of the Dungeon
  2795 | D:5      | Found Lykheujea's Jewellery Emporium.
  2811 | D:5      | Reached skill level 6 in Unarmed Combat
  2811 | D:5      | Reached XP level 7. HP: 43/52 MP: 7/7
  3146 | D:5      | Reached skill level 7 in Unarmed Combat
  3402 | D:5      | Identified the +10 trident "Mynute" {elec, *Slow rElec
                  | rPois rC+}
  3529 | D:5      | Found a runed translucent door.
  3530 | D:5      | Noticed Crazy Yiuf
  3666 | D:5      | Noticed Blork the orc
  3672 | D:5      | Killed Blork the orc
  3673 | D:5      | Reached XP level 8. HP: 55/60 MP: 8/8
  4032 | D:6      | Reached skill level 8 in Unarmed Combat
  4107 | D:6      | Reached * piety under Wu Jian
  4295 | D:6      | Reached skill level 5 in Fighting
  4482 | D:7      | Found Xyceq's Antique Armour Emporium.
  4803 | D:7      | Identified the +6 scale mail "Ceapiur" {Harm Str+3}
  4852 | D:7      | Noticed Menkaure
  4858 | D:7      | Killed Menkaure
  4859 | D:7      | Reached skill level 9 in Unarmed Combat
  4870 | D:7      | Found a flagged portal.
  4883 | Bailey   | Entered a bailey
  4974 | D:5      | Bought an amulet of reflection for 450 gold pieces
  5188 | D:7      | Gained mutation: A weak demonic guardian rushes to your
                  | aid. [demonic ancestry]
  5188 | D:7      | Reached XP level 9. HP: 59/69 MP: 9/9
  5246 | D:7      | Reached ** piety under Wu Jian
  5759 | D:8      | Noticed a polar bear
  5770 | D:8      | Noticed a rime drake
  5773 | D:8      | Killed a polar bear
  5774 | D:8      | Reached skill level 10 in Unarmed Combat
  5784 | D:8      | Killed a rime drake
  5827 | D:8      | Found Habb's Distillery.
  5969 | D:8      | Found an iron altar of Okawaru.
  5970 | D:8      | Found a stormy altar of Qazlal.
  6104 | D:8      | Reached skill level 11 in Unarmed Combat
  6131 | D:8      | Saving game... please wait.
  6291 | D:8      | Found a staircase to the Lair.
  6316 | D:8      | Reached *** piety under Wu Jian
  6319 | D:8      | Gained mutation: You have a tail ending in a sharp stinger.
                  | [demonic ancestry]
  6319 | D:8      | Reached XP level 10. HP: 80/80 MP: 10/10
  6804 | D:9      | Noticed Erolcha
  6811 | D:9      | Killed Erolcha
  6812 | D:9      | Reached skill level 1 in Dodging
  7343 | D:9      | Found a broken altar of Ashenzari.
  7721 | D:9      | Identified the +2 chain mail of the Hall of Blades {rN+
                  | Dex+5}
  7786 | D:9      | Reached **** piety under Wu Jian
  8172 | D:10     | Entered Level 10 of the Dungeon
  8175 | D:10     | Noticed a two-headed ogre
  8186 | D:10     | Killed a two-headed ogre
  8187 | D:10     | Reached skill level 5 in Armour
  8187 | D:10     | Reached skill level 5 in Shields
  8187 | D:10     | Gained mutation: Your touch may inflict minor irresistible
                  | damage on your foes. [demonic ancestry]
  8187 | D:10     | Reached XP level 11. HP: 44/89 MP: 11/11
  8570 | D:10     | Identified the +3 scale mail of Ydydel {+Inv}
  8577 | D:10     | Found a staircase to the Orcish Mines.
  8871 | D:10     | Noticed a deep elf zephyrmancer
  8884 | D:10     | Killed a deep elf zephyrmancer
  9383 | Lair:1   | Entered Level 1 of the Lair of Beasts
  9880 | Lair:1   | Noticed a death yak
  9881 | Lair:1   | Noticed a death yak
  9887 | Lair:1   | Noticed a death yak
 10239 | Orc:1    | Entered Level 1 of the Orcish Mines
 10239 | Orc:1    | Noticed an orc warlord
 10457 | D:11     | Noticed a boulder beetle
 10476 | D:11     | Killed a boulder beetle
 10477 | D:11     | Reached skill level 5 in Dodging
 10959 | D:11     | Reached skill level 1 in Evocations
 11928 | Lair:2   | Noticed a six-headed hydra
 11944 | Lair:2   | Killed a six-headed hydra
 11945 | Lair:2   | Reached skill level 10 in Fighting
 11975 | Lair:2   | Gained mutation: You regenerate health from kills. [demonic
                  | ancestry]
 11975 | Lair:2   | Reached XP level 12. HP: 72/97 MP: 12/12
 12224 | Lair:2   | Noticed a four-headed hydra
 12229 | Lair:2   | Noticed a death yak
 12234 | Lair:2   | Killed a four-headed hydra
 12245 | Lair:2   | Killed a death yak
 12259 | Lair:2   | Reached skill level 5 in Evocations
 12740 | Lair:2   | Found a staircase to the Shoals.
 13406 | Lair:3   | Reached ***** piety under Wu Jian
 13590 | Lair:3   | Found a sparkling altar of Nemelex Xobeh.
 13597 | Lair:3   | Found a hole to the Spider Nest.
 14152 | Lair:4   | Found a shadowy altar of Dithmenos.
 14191 | Lair:4   | Found a dark tunnel.
 14201 | Volcano  | Entered a volcano
 14364 | Volcano  | HP: 2/99 [smoke demon/ball of steam (5)]
 14371 | Volcano  | HP: 1/99 [sun demon (5)]
 14371 | Volcano  | Mangled by a sun demon

Illustrated notes

Levels and vault maps discovered:
D:1:      dpeg_arrival_short_road, layout_basic, minmay_misc_feat_alley
D:2:      layout_rooms, serial_shops, nicolae_shop_statue_plus
D:3:      layout_rooms, minmay_hedge_maze, corexii_leaking_fountain,
          grunt_ministairs_5, minmay_increasing_density
D:4:      layout_basic, mainiacjoe_overflow_concentric_impassable,
          temple_doors_e, gammafunk_ghost_necromancy
D:5:      layout_loops_ring, serial_shops, nicolae_shop_behind_doors,
          uniq_blork_the_orc, uniq_crazy_yiuf_cottage
D:6:      layout_basic, lemuel_flamethrower_1
D:7:      layout_cave_pods, enter_bailey_3, nicolae_stop_n_shop_1, uniq_menkaure
D:8:      layout_basic, gammafunk_temple_overflow_statue,
          hellmonk_lair_entry_icy, serial_shops, nicolae_square_shop,
          columned_hall_lemuel
D:9:      layout_grid_maze, ashenzari_altar_1, grunt_ministairs_11, uniq_erolcha
D:10:     layout_cross, david_orc_1_choice, minmay_crystal_room,
          hangedman_stone_soup
D:11:     layout_layer_cave
Temple:   dpeg_three_leaves_temple
Lair:1:   layout_gridlike
Lair:2:   layout_gridlike, minmay_shoals_entry_hut, nzn_random_ring,
          lemuel_fruit_fields, serial_bayou_shore_b, lemuel_fruit_fields,
          infiniplex_staircase_pool
Lair:3:   layout_regular_city, spider_nest_entry_web_field, basic_altar,
          serial_bayou_shore_a
Lair:4:   layout_cave_pods, nicolae_volcano_entry_two_sided, basic_altar,
          nicolae_lair_run_with_the_wolves
Orc:1:    layout_caves, uniq_snorg
Volcano:  hellmonk_smoking_crater

Skill      XL: |  1  2  3  4  5  6  7  8  9 10 11 12 |
---------------+-------------------------------------+-----
Long Blades    | 2 3 |  3.2
Unarmed Combat | 1 4 5 6 7 9 11 | 11.9
Fighting       | 4 6 7 9 10 | 10.8
Armour         | 5 6 7 |  7.5
Dodging        | 4 5 6 |  6.7
Shields        | 5 6 7 |  7.5
Evocations     | 4 5 |  5.9

Action                     |  1- 3 |  4- 6 |  7- 9 | 10-12 || total
---------------------------+-------+-------+-------+-------++-------
  Melee: Long sword        |   106 |    42 |       |       ||   148
         Headbutt          |    11 |    13 |    49 |   136 ||   209
         Unarmed           |       |    56 |   323 |   697 ||  1076
         Tailslap          |       |     4 |    46 |   103 ||   153
  Throw: Throwing net      |       |       |       |     3 ||     3
Ability: Evoke Invisibilit |       |     1 |     1 |     1 ||     3
         Lunge             |       |     2 |    29 |    41 ||    72
         Whirlwind         |       |       |    66 |   174 ||   240
  Evoke: Wand              |       |       |     3 |     6 ||     9
    Use: Potion            |       |     1 |     2 |     2 ||     5
         Scroll            |       |       |       |    20 ||    20
   Stab: Invisible         |       |     2 |       |     6 ||     8
         Held in net/web   |       |       |       |     4 ||     4
         Petrified         |       |       |       |     3 ||     3
         Distracted        |       |       |       |     1 ||     1
 Armour: Scale mail        |    15 |       |       |       ||    15
         Chain mail        |    55 |    56 |   147 |   202 ||   460
  Dodge: Dodged            |    33 |    31 |    93 |   215 ||   372
  Block: Buckler           |    20 |    16 |    95 |   289 ||   420
         Reflection        |       |       |     4 |    13 ||    17

Table legend: (Time is in decaauts)
 A = Elapsed time spent in this place.
 B = Non-inter-level travel time spent in this place.
 C = Inter-level travel time spent in this place.
 D = Time resting spent in this place.
 E = Time spent auto-exploring this place.
 F = Levels seen in this place.
 G = Mean time per level.
                   A        B        C        D        E       F      G
               +--------+--------+--------+--------+--------+-----+--------+
         Total |  14320 |  13573 |    747 |   1334 |   9889 |  19 |  753.7 |
       Dungeon |  11502 |  10842 |    660 |   1012 |   8084 |  11 | 1045.6 |
        Temple |     44 |     33 |     11 |      0 |      0 |   1 |   44.0 |
          Lair |   2592 |   2516 |     76 |    225 |   1758 |   4 |  648.0 |
  Orcish Mines |      1 |      1 |      0 |      0 |      0 |   1 |    1.0 |
        Bailey |     10 |     10 |      0 |      0 |      5 |   1 |   10.0 |
       Volcano |    168 |    168 |      0 |     97 |     42 |   1 |  168.0 |
               +--------+--------+--------+--------+--------+-----+--------+

Top non-repeatable levels by time:
     D:8: 1789 daAuts
  Lair:2: 1528 daAuts
     D:9: 1500 daAuts
    D:10: 1332 daAuts
    D:11: 1197 daAuts
     D:5: 1087 daAuts
     D:7: 1026 daAuts
     D:3: 818 daAuts
     D:6: 807 daAuts
  Lair:3: 804 daAuts
     D:4: 761 daAuts
     D:1: 643 daAuts
     D:2: 537 daAuts
  Lair:4: 207 daAuts
 Volcano: 168 daAuts
